 Dungeon Crawl Stone Soup version 0.30-a0-390-g80c34de65d (webtiles) character file.

Game seed: 11717261681112545802

53 Smoky173 the Cutter (level 3, -7/29 HPs)
             Began as a Demonspawn Chaos Knight on Dec 4, 2022.
             Was a Plaything of Xom.
             Mangled by Natasha the swamp worm (glowing shapeshifter) (13 damage)
             ... on level 2 of the Dungeon.
             The game lasted 00:01:49 (998 turns).

Smoky173 the Cutter (Demonspawn Chaos Knight)        Turns: 998, Time: 00:01:50

Health: -7/29      AC:  6    Str: 11    XL:     3   Next: 62%
Magic:  3/3        EV: 11    Int: 12    God:    Xom [......]
Gold:   85         SH:  0    Dex: 18    Spells: 2/2 levels left

rFire   . . .      SeeInvis .    a - +0 short sword (chaos)
rCold   . . .      Faith    .    (no shield)
rNeg    . . .      Spirit   .    b - +2 leather armour
rPois   .          Reflect  .    (helmet restricted)
rElec   .          Harm     .    (no cloak)
rCorr   .          Rampage  .    k - +0 pair of gloves
Will    .....                    (no boots)
Stlth   +.........               (no amulet)
HPRegen 0.24/turn                (no ring)
MPRegen 0.08/turn                (no ring)

@: no status effects
A: horns 1, foul stench 1, agile 1
a: Renounce Religion


You were on level 2 of the Dungeon.
You worshipped Xom.
You were a very special plaything of Xom.
You visited 1 branch of the dungeon, and saw 2 of its levels.

You collected 85 gold pieces.

Inventory:

Hand Weapons
 a - a +0 short sword of chaos (weapon)
Armour
 b - a +2 leather armour (worn)
 k - a +0 pair of gloves (worn)
Scrolls
 d - a scroll of blinking {unknown}
 f - 2 scrolls of enchant weapon {unknown}
 h - 2 scrolls of fear {unknown}
 i - a scroll of enchant armour {unknown}
 j - 2 scrolls of identify {unknown}
Potions
 g - a potion of might {unknown}
 l - a potion of haste {unknown}
Miscellaneous
 c - a piece from Xom's chessboard (15/15) (quivered)


   Skills:
 - Level 3.0 Fighting
 + Level 4.1 Short Blades
 - Level 2.0 Armour
 - Level 1.0 Dodging


You had 2 spell levels left.
You didn't know any spells.
Your spell library contained the following spells:

 Spells                   Type           Power      Damage    Failure   Level
 Kiss of Death            Conj/Necr      0%         2d5       41%         1
 Confusing Touch          Hex            0%         N/A       78%         3
 Dispel Undead            Necr           0%         3d6       99%         4


Dungeon Overview and Level Annotations

Branches:
Dungeon (2/15)

Altars:

Annotations:
D:2 Natasha


Innate Abilities, Weirdness & Mutations

You have a pair of small horns on your head.
You may rarely emit foul miasma when damaged in melee.
You are agile. (Dex +4, Str/Int -1)


Message History

You feel agile.
You hit Natasha.
Natasha resists with almost no effort.
Natasha is severely wounded.
Natasha the shining eye changes into a glowing orange brain!
It was a potion of ambrosia.
You are confused.
You feel invigorated.
Natasha the glowing orange brain changes into a two-headed ogre!
You are too confused!
You feel less invigorated.
You feel less confused.
You hit Natasha. You headbutt Natasha, but do no damage.
Natasha is lightly wounded.
Natasha hits you but does no damage. Natasha hits you!
You hit Natasha. You freeze Natasha.
Natasha is lightly wounded.
You hit Natasha. You burn Natasha. You headbutt Natasha.
Natasha is moderately wounded.
Natasha hits you!
You emit a cloud of foul miasma!
Natasha hits you.
* * * LOW HITPOINT WARNING * * *
You hit Natasha.
Natasha is poisoned.
You headbutt Natasha, but do no damage.
Natasha is moderately wounded.
Natasha the two-headed ogre changes into a swamp worm!
You hit Natasha. You burn Natasha. You headbutt Natasha, but do no damage.
Natasha is lightly wounded.
You hit Natasha.
Natasha is moderately wounded.
Natasha is engulfed in dark miasma.
Natasha is poisoned.
Natasha seems to slow down.
Natasha bites you.
* * * LOW HITPOINT WARNING * * *
You closely miss Natasha.
Natasha is moderately wounded.
Natasha is engulfed in dark miasma.
Natasha looks even sicker.
Natasha closely misses you.
You closely miss Natasha.
Natasha is moderately wounded.
Natasha is no longer moving slowly.
Natasha is engulfed in dark miasma.
Natasha looks even sicker.
Natasha bites you!
You die...
Xom snickers!

######### #.......###
####.........#
#..........#.#
#.#..........#########
#.........#.........
#.##.@$...............
#..$>w......#.####....
####.#.####.#.# #....
#.#!# #.#.####....
..... #.#.........
......# #.#######...
.......# #...
......... #...
#......... #...


You could see Natasha the swamp worm shaped shifter (very poisoned).

Vanquished Creatures
  Natasha (D:2)
  An adder (D:2)
  An endoplasm (D:2)
  4 goblins
  A hobgoblin (D:1)
  A quokka (D:1)
  2 ball pythons
  2 bats (D:1)
  3 frilled lizards (D:1)
  2 kobolds (D:1)
  5 rats
23 creatures vanquished.

Notes
Turn   | Place    | Note
-------+----------+-------------------------------------------
     0 | D:1      | Smoky173 the Demonspawn Chaos Knight began the quest for
                  | the Orb.
     0 | D:1      | Reached XP level 1. HP: 18/18 MP: 1/1
    71 | D:1      | XOM: potion effect (curing)
    85 | D:1      | Reached skill level 1 in Dodging
   221 | D:1      | Reached skill level 3 in Short Blades
   337 | D:1      | Gained mutation: You may rarely emit foul miasma when
                  | damaged in melee. [demonic ancestry]
   337 | D:1      | Reached XP level 2. HP: 24/24 MP: 2/2
   655 | D:2      | Found a faded altar of an unknown god.
   723 | D:2      | Noticed Natasha
   725 | D:2      | XOM: butterfly on damage
   727 | D:2      | Killed Natasha
   728 | D:2      | Gained mutation: You have a pair of small horns on your
                  | head. [demonic ancestry]
   728 | D:2      | Reached XP level 3. HP: 23/29 MP: 3/3
   802 | D:2      | XOM: silly message
   911 | D:2      | Reached skill level 4 in Short Blades
   943 | D:2      | Noticed Natasha
   951 | D:2      | Natasha changed into Natasha the glowing shapeshifter
   951 | D:2      | Noticed Natasha (glowing shapeshifter)
   951 | D:2      | Natasha the glowing shapeshifter changed into Natasha the
                  | floating eye
   951 | D:2      | Noticed Natasha (glowing shapeshifter)
   952 | D:2      | Natasha the floating eye changed into Natasha the glowing
                  | orange brain
   952 | D:2      | Noticed Natasha (glowing shapeshifter)
   955 | D:2      | Natasha the glowing orange brain changed into Natasha the
                  | merfolk
   955 | D:2      | Noticed Natasha (glowing shapeshifter)
   958 | D:2      | Natasha the merfolk changed into Natasha the glowing orange
                  | brain
   958 | D:2      | Noticed Natasha (glowing shapeshifter)
   966 | D:2      | Natasha the glowing orange brain changed into Natasha the
                  | dream sheep
   966 | D:2      | Noticed Natasha (glowing shapeshifter)
   971 | D:2      | Natasha the dream sheep changed into Natasha the wind drake
   971 | D:2      | Noticed Natasha (glowing shapeshifter)
   972 | D:2      | Natasha the wind drake changed into Natasha the redback
   972 | D:2      | Noticed Natasha (glowing shapeshifter)
   974 | D:2      | Natasha the redback changed into Natasha the faun
   974 | D:2      | Noticed Natasha (glowing shapeshifter)
   975 | D:2      | Natasha the faun changed into Natasha the water nymph
   975 | D:2      | Noticed Natasha (glowing shapeshifter)
   979 | D:2      | Natasha the water nymph changed into Natasha the manticore
   979 | D:2      | Noticed Natasha (glowing shapeshifter)
   980 | D:2      | Natasha the manticore changed into Natasha the shining eye
   980 | D:2      | Noticed Natasha (glowing shapeshifter)
   985 | D:2      | Gained mutation: You are agile. (Dex +4, Str/Int -1)
                  | [Natasha]
   986 | D:2      | Natasha the shining eye changed into Natasha the glowing
                  | orange brain
   986 | D:2      | Noticed Natasha (glowing shapeshifter)
   987 | D:2      | Natasha the glowing orange brain changed into Natasha the
                  | two-headed ogre
   987 | D:2      | Noticed Natasha (glowing shapeshifter)
   994 | D:2      | Natasha the two-headed ogre changed into Natasha the swamp
                  | worm
   994 | D:2      | Noticed Natasha (glowing shapeshifter)
   998 | D:2      | Mangled by Natasha the swamp worm (glowing shapeshifter)

Illustrated notes

Levels and vault maps discovered:
D:1:      nicolae_arrival_memento_mori, layout_basic
D:2:      layout_basic, shapermc_ecumenical_altar_venn, uniq_natasha

Skill      XL: |  1  2  3 |
---------------+----------+-----
Dodging        | 1 |  1.0
Short Blades   | 3 4 |  4.1
Armour         | 2 |  2.0
Fighting       | |  3.0

Action                   || total
-------------------------++-------
Melee: Short sword       ||   104
       Headbutt          ||    12
       Punch             ||     1
  Use: Potion            ||     1
 Stab: Sleeping          ||     2
       Paralysed         ||     2
Armor: Leather armour    ||    28
Dodge: Dodged            ||    28

Table legend: (Time is in decaauts)
 A = Elapsed time spent in this place.
 B = Non-inter-level travel time spent in this place.
 C = Inter-level travel time spent in this place.
 D = Time resting spent in this place.
 E = Time spent auto-exploring this place.
 F = Levels seen in this place.
 G = Mean time per level.
                   A        B        C        D        E       F      G
               +--------+--------+--------+--------+--------+-----+--------+
         Total |    979 |    929 |     50 |      5 |    713 |   2 |  489.5 |
       Dungeon |    979 |    929 |     50 |      5 |    713 |   2 |  489.5 |
               +--------+--------+--------+--------+--------+-----+--------+

Top non-repeatable levels by time:
     D:1: 644 daAuts
     D:2: 334 daAuts
